AoeStats
← Rebel.

Arena

508436014Analyzed
4v4 RM · 10d ago on Sep 22, 2026· 42m 9s· 8 players
Game mode
Random Map
Map size
Large (8 player)
Population
200
Speed
Normal
Resources
Standard
Victory
Conquest
Starting age
Dark Age
Ending age
Imperial Age
RankedLock teamsTeams togetherTeam positionsShared explorationLock speedFull tech treeHidden civsTurbo modeCheats
Victory
Defeat
🇨🇳 Khmer · China
977
+15
🇨🇳 Huns · China
974
+15
🇨🇳 Spanish · China
974
+15
🇨🇳 Persians · China
921
+17
🇳🇱 Britons · Netherlands
1020
-17
🇹🇷 Mapuche · Türkiye
962
-16
🇨🇳 Mongols · China
932
-15
🇨🇳 Khitans · China
902
-14
Dostoyevski
1:08 Loom
12:17 Feudal Age
12:56 Double-Bit Axe
13:14 Town Watch
15:09 Champi Runner
22:45 Castle Age
20:58 Horse Collar
25:12 Pikeman
32:37 Wheelbarrow
34:31 Heavy Plow
34:44 Bow Saw
36:11 Hand Cart
35:35 Champi Warrior
37:18 Forging
37:08 Scale Mail Armor
38:30 Elite Skirmisher
Echo
10:29 Feudal Age
15:03 Castle Age
17:56 Loom
18:41 Double-Bit Axe
23:30 Bow Saw
24:01 Domestication
24:50 Forging
27:33 Iron Casting
27:17 Squires
27:48 Pastoralism
28:24 Scale Mail Armor
28:39 Arson
33:02 Chain Mail Armor
32:59 Lamellar Armor
35:42 Imperial Age
34:09 Wheelbarrow
33:24 Loom
33:24 Town Watch
33:59 Fletching
34:15 Gold Mining
35:22 Stone Mining
36:05 Hand Cart
35:53 Town Patrol
37:14 Elite Fire Lancer
37:54 Pikeman
宝宝巴士
11:55 Feudal Age
16:11 Castle Age
16:00 Loom
24:21 Stone Mining
25:15 Double-Bit Axe
25:12 Horse Collar
27:52 Gold Mining
28:04 Heavy Plow
32:53 Imperial Age
32:26 Ballistics
32:37 Bloodlines
32:38 Husbandry
32:49 Scale Barding Armor
33:29 Bow Saw
34:16 Wheelbarrow
34:18 Gold Shaft Mining
34:08 Conscription
33:18 Elite Steppe Lancer
34:24 Chain Barding Armor
33:56 Fletching
34:16 Forging
35:01 Parthian Tactics
35:39 Hand Cart
36:12 Padded Archer Armor
36:08 Bodkin Arrow
37:31 Elite Mangudai
41:03 Masonry
41:13 Leather Archer Armor
40:58 Bracer
41:33 Iron Casting
41:07 Caravan
41:48 Scale Mail Armor
41:13 Pikeman
41:54 Squires
41:46 Pikeman
42:27 Squires
BlandToaster625
10:22 Feudal Age
15:15 Castle Age
14:27 Double-Bit Axe
14:24 Horse Collar
16:28 Bow Saw
17:12 Heavy Plow
21:28 Gold Mining
21:40 Fletching
22:48 Gold Shaft Mining
22:04 Stone Mining
22:36 Bodkin Arrow
23:25 Padded Archer Armor
25:45 Yeomen
26:15 Padded Archer Armor
26:59 Loom
27:49 Wheelbarrow
26:59 Town Watch
27:38 Ballistics
28:11 Leather Archer Armor
28:45 Town Patrol
32:36 Imperial Age
30:22 Hand Cart
32:36 Elite Longbowman
34:22 Chemistry
33:25 Bracer
33:55 Ring Archer Armor
35:11 Arrowslits
35:17 Guard Tower
35:25 Murder Holes
36:01 Fortified Wall
35:58 Caravan
37:40 Warwolf
38:26 Keep
37:44 Heated Shot
39:28 Ring Archer Armor
39:38 Hoardings
38:33 Sappers
39:24 Conscription
Rebel.
10:30 Loom
12:49 Feudal Age
13:23 Horse Collar
13:30 Double-Bit Axe
14:49 Wheelbarrow
18:18 Castle Age
20:26 Hand Cart
20:16 Heavy Plow
20:30 Bow Saw
21:33 Gold Mining
23:07 Stone Mining
25:37 Husbandry
26:37 Gold Shaft Mining
27:36 Scale Barding Armor
27:41 Forging
29:02 Stone Shaft Mining
33:16 Imperial Age
31:03 Padded Archer Armor
30:55 Fletching
32:49 Chain Barding Armor
33:04 Iron Casting
33:11 Bloodlines
34:06 Conscription
34:26 Plate Barding Armor
34:07 Leather Archer Armor
34:26 Crop Rotation
34:59 Two-Man Saw
35:00 Citadels
34:34 Elite War Elephant
36:24 Caravan
42:37 Blast Furnace
43:02 Ring Archer Armor
42:29 Bodkin Arrow
泰达津布曲
11:29 Feudal Age
11:58 Double-Bit Axe
11:55 Horse Collar
16:21 Bloodlines
16:18 Scale Barding Armor
17:19 Forging
22:06 Castle Age
22:30 Stone Mining
22:33 Gold Mining
22:58 Husbandry
23:36 Iron Casting
23:15 Heavy Plow
23:28 Bow Saw
25:29 Chain Barding Armor
29:15 Marauders
31:08 Gold Shaft Mining
35:16 Imperial Age
34:39 Wheelbarrow
36:40 Plate Barding Armor
35:51 Cavalier
40:05 Blast Furnace
38:41 Elite Tarkan
秋绥冬禧
11:40 Feudal Age
12:07 Double-Bit Axe
12:57 Horse Collar
18:11 Castle Age
16:20 Stone Mining
21:08 Stone Shaft Mining
20:50 Bow Saw
20:42 Heavy Plow
20:34 Gold Mining
24:00 Husbandry
24:11 Bloodlines
26:10 Padded Archer Armor
31:46 Imperial Age
30:03 Leather Archer Armor
33:52 Ring Archer Armor
34:00 Conscription
34:59 Chemistry
39:39 Elite Conquistador
闲挂月
11:12 Feudal Age
14:58 Castle Age
13:10 Double-Bit Axe
13:29 Horse Collar
14:22 Stone Mining
18:00 Stone Shaft Mining
19:05 Wheelbarrow
18:28 Loom
19:40 Bow Saw
22:05 Gold Mining
24:37 Hand Cart
24:48 Heavy Plow
29:58 Imperial Age
29:51 Gold Shaft Mining
30:06 Forging
30:02 Scale Barding Armor
31:20 Elite Ballista Elephant
33:26 Chain Barding Armor
33:43 Iron Casting
34:11 Chemistry
33:46 Crop Rotation
34:10 Double Crossbow
36:32 Blast Furnace
36:08 Plate Barding Armor
36:52 Conscription
38:09 Light Cavalry
39:00 Bloodlines
38:50 Husbandry
39:31 Hussar
Connection lost

Rejoining the realm…

Still unreachable

The connection could not be restored.

Session expired

The server has moved on; the page needs a fresh start.